 Dungeon Crawl Stone Soup version 0.19.1 (webtiles) character file.

23668 doubledope the Carver (level 12, -1/108 HPs)
             Began as a Minotaur Fighter on Dec 4, 2016.
             Was a High Priest of Okawaru.
             Slain by a 19-headed hydra (7 damage)
             ... on level 5 of the Lair of Beasts.
             The game lasted 01:03:39 (16811 turns).

doubledope the Carver (Minotaur Fighter)           Turns: 16811, Time: 01:03:40

Health: -1/108     AC: 27    Str: 27    XL:     12   Next: 73%
Magic:  6/6        EV: 10    Int:  9    God:    Okawaru [*****.]
Gold:   806        SH: 13    Dex:  9    Spells: 0 memorised, 11 levels left

rFire  x . .     SeeInvis .     S - +4 falchion of Toymiaj {antimagic, +Inv rElec MP+9 Int+4}
rCold  + . .     Gourm    +     O - +6 plate armour
rNeg   . . .     Faith    .     c - +0 shield
rPois  .         Spirit   .     (helmet restricted)
rElec  +         Reflect  .     (no cloak)
rCorr  .         Harm     .     a - +1 pair of gloves
MR     +....                    W - +2 pair of boots {Stlth+}
Stlth  ..........               p - amulet of the gourmand
                                i - ring of ice
                                L - ring of protection from magic

@: no status effects
A: retaliatory headbutt, horns 2
a: Heroism, Finesse, Renounce Religion, Evoke Invisibility


You were on level 5 of the Lair of Beasts.
You worshipped Okawaru.
Okawaru was extremely pleased with you.
You were full.

You visited 4 branches of the dungeon, and saw 16 of its levels.

You collected 806 gold pieces.

Inventory:

Hand Weapons
 N - a +0 long sword of protection
 S - the +4 falchion of Toymiaj (weapon) {antimagic, +Inv rElec MP+9 Int+4}
   (Okawaru gifted it to you on level 3 of the Lair of Beasts)

   It reduces the magical energy of the wielder, and disrupts the spells and
   magical abilities of those hit.
   Natural abilities and divine invocations are not affected.
   It affects your intelligence (+4).
   It insulates you from electricity.
   It affects your magic capacity (+9).
   It lets you turn invisible.
Missiles
 R - 8 poisoned javelins (quivered)
Armour
 a - a +1 pair of gloves (worn)
 c - a +0 shield (worn)
 O - a +6 plate armour (worn)
 W - a +2 pair of boots of stealth (worn)
Jewellery
 i - a ring of ice (right hand)
 p - an amulet of the gourmand (around neck)
 v - an uncursed ring of ice
 y - an uncursed ring of stealth
 L - a ring of protection from magic (left hand)
 Q - an uncursed ring of magical power
Wands
 j - a wand of flame (10/48)
 k - a wand of digging (13/24)
 l - a wand of acid (3/15)
 D - a wand of flame (30/48)
 F - a wand of polymorph (13/24)
 T - a wand of lightning (7/15)
 U - a wand of lightning (6/15)
Scrolls
 b - a scroll of acquirement {unknown}
 e - 9 scrolls of remove curse
 f - 2 scrolls of recharging
 m - 3 scrolls of identify
 o - 3 scrolls of enchant weapon
 q - 2 scrolls of magic mapping
 x - 3 scrolls of amnesia
 A - 2 scrolls of fog
 G - 5 scrolls of teleportation
Potions
 d - 3 potions of might
 n - 2 potions of curing
 s - 2 potions of magic
 t - a potion of agility
 z - a potion of cancellation {unknown}
 C - 2 potions of ambrosia {unknown}
 E - 2 potions of flight
 H - 2 potions of resistance
 I - a potion of invisibility {unknown}
 J - a potion of cure mutation {unknown}
 K - a potion of brilliance {unknown}
 P - a potion of haste
Books
 w - a book of Callings

   Spells                             Type                      Level
   a - Summon Small Mammal            Summoning                    1
   b - Call Imp                       Summoning                    2
   c - Call Canine Familiar           Summoning                    3
   d - Summon Guardian Golem          Hexes/Summoning              3
   e - Summon Lightning Spire         Summoning/Air                4
   f - Summon Ice Beast               Ice/Summoning                4
 V - a book of Flames

   Spells                             Type                      Level
   a - Flame Tongue                   Conjuration/Fire             1
   b - Throw Flame                    Conjuration/Fire             2
   c - Conjure Flame                  Conjuration/Fire             3
   d - Inner Flame                    Hexes/Fire                   3
   e - Sticky Flame                   Conjuration/Fire             4
   f - Fireball                       Conjuration/Fire             5
Comestibles
 g - 6 slices of pizza
 h - 16 fruits
 r - 2 royal jellies
 u - 9 meat rations
 B - 7 beef jerkies
 M - 3 bread rations


   Skills:
 + Level 10.6 Fighting
 + Level 13.9 Long Blades
 + Level 12.1 Armour
 + Level 5.8 Dodging
 + Level 1.0 Stealth
 + Level 13.5 Shields


You had 11 spell levels left.
You didn't know any spells.

Dungeon Overview and Level Annotations

Branches:
Dungeon (9/15)             Temple (1/1) D:4            Lair (5/6) D:9
  Swamp (0/4) Lair:2       Spider (1/4) Lair:2
  Slime: Lair:5-6       Orc: D:9-12

Altars:
Ashenzari
Cheibriados
Dithmenos
Elyvilon
Fedhas
Gozag
Hepliaklqana
Kikubaaqudgha
Makhleb
Nemelex Xobeh
Okawaru
Qazlal
Ru
Sif Muna
Trog
Uskayaw
Vehumet
Xom
Yredelemnul
Zin
The Shining One

Shops:
D:4 :


Innate Abilities, Weirdness & Mutations

You reflexively headbutt those who attack you in melee.
You have a pair of horns on your head.


Message History

The 19-headed hydra bites you but does no damage. x5
The 19-headed hydra bites you.
* * * LOW HITPOINT WARNING * * *
The 19-headed hydra bites you.
* * * LOW HITPOINT WARNING * * *
The 19-headed hydra bites you but does no damage.
The 19-headed hydra bites you.
* * * LOW HITPOINT WARNING * * *
You feel better.
The 19-headed hydra bites you but does no damage.
You block the 19-headed hydra's attack.
The 19-headed hydra bites you but does no damage. x2
You block the 19-headed hydra's attack. The 19-headed hydra barely misses you.
You block the 19-headed hydra's attack.
The 19-headed hydra bites you but does no damage.
The 19-headed hydra bites you.
* * * LOW HITPOINT WARNING * * *
You block the 19-headed hydra's attack. The 19-headed hydra barely misses you.
The 19-headed hydra bites you!
You die...

## ##.......P....
##.##.P...........
##.................
#P.................
#..................
#...?.§..§........
#.#....§§§§.#.....# #.
######§§§.....### #..
#§§D@.....####.# ##.
#.#§§§.###...#...###..
#.#.§§§..##....# #....
................## #....
..................###....
.........................
#.##...PP............#..
.# #....P...............
#P....##...........P#.


You could see a 19-headed hydra.

Vanquished Creatures
  The ghost of kae the Basher, a journeyman FoFi of Cheibriados (Lair:4)
  2 catoblepae
  The ghost of azzavlup the Frost Mage, a novice MfIE of Yredelemnul (D:8)
  16 elephants
  A black mamba (Lair:3)
  7 spiny frogs
  Psyche (D:9)
  A rime drake (Lair:4)
  3 komodo dragons
  Grinder (D:3)
  2 polar bears
  5 dream sheep (Lair:5)
  6 hippogriffs
  Eustachio (D:4)
  3 hogs
  2 fire elementals (Lair:1)
  8 yaks
  A human (D:7)
  2 basilisks
  6 water moccasins
  3 porcupines (Lair:3)
  4 ice beasts
  A necrophage (D:9)
  A black bear (D:8)
  An orc warrior (D:7)
  2 sky beasts
  5 ogres
  A phantom (D:7)
  12 wolves
  5 centaurs
  A big kobold (D:8)
  7 crocodiles
  Blork the orc (D:4)
  12 bullfrogs
  2 gnoll sergeants
  2 scorpions
  A water moccasin skeleton (D:5)
  3 wights (D:8)
  A howler monkey (D:7)
  A hound (D:5)
  A centaur zombie (D:5)
  2 jellies
  A gnoll shaman (D:6)
  11 orc wizards
  6 orc priests
  Jessica (D:3)
  A centaur skeleton (D:8)
  3 iguanas
  9 worker ants
  5 hell rats (Lair:3)
  A hound skeleton (D:6)
  16 gnolls
  A howler monkey skeleton (D:7)
  12 adders
  4 shadow imps
  An adder skeleton (D:4)
  A worm (D:4)
  2 leopard geckos
  36 orcs
  3 giant cockroaches
  5 goblins
  5 hobgoblins
  7 kobolds
  3 quokkas
  4 ball pythons
  8 bats
  6 frilled lizards
  A jackal zombie (D:7)
  3 leopard gecko skeletons
  12 rats
  A fungus (Lair:3)
  A plant (Lair:4)
309 creatures vanquished.

Vanquished Creatures (others)
  A sky beast (D:8)
  8 fungi
  4 plants
13 creatures vanquished.

Grand Total: 322 creatures vanquished

Notes
Turn   | Place    | Note
-------+----------+-------------------------------------------
     0 | D:1      | doubledope the Minotaur Fighter began the quest for the Orb.
     0 | D:1      | Reached XP level 1. HP: 19/19 MP: 0/0
   575 | D:2      | Reached XP level 2. HP: 16/27 MP: 1/1
  1059 | D:2      | Reached XP level 3. HP: 27/33 MP: 2/2
  1895 | D:3      | Reached XP level 4. HP: 41/41 MP: 3/3
  2219 | D:3      | Reached skill level 1 in Dodging
  2219 | D:3      | Reached XP level 5. HP: 42/47 MP: 4/4
  2399 | D:3      | Noticed Jessica
  2413 | D:3      | Killed Jessica
  2413 | D:3      | Reached skill level 5 in Shields
  2505 | D:3      | Noticed Grinder
  2521 | D:3      | Killed Grinder
  2521 | D:3      | Reached skill level 5 in Armour
  2521 | D:3      | Reached XP level 6. HP: 19/53 MP: 5/5
  2905 | D:4      | Noticed Eustachio
  3242 | D:4      | Killed Eustachio
  3242 | D:4      | Reached skill level 5 in Long Blades
  3242 | D:4      | Reached XP level 7. HP: 58/60 MP: 6/6
  3255 | D:4      | Found Kukunen's Book Shoppe.
  3451 | D:4      | Noticed Blork the orc
  3452 | D:4      | Found a staircase to the Ecumenical Temple.
  3459 | D:4      | Killed Blork the orc
  3491 | Temple   | Entered the Ecumenical Temple
  3665 | Temple   | Became a worshipper of Warmaster Okawaru
  4012 | D:4      | Found a bloodstained altar of Trog.
  4082 | D:4      | Reached skill level 5 in Fighting
  4139 | D:5      | Entered Level 5 of the Dungeon
  4324 | D:5      | Reached XP level 8. HP: 60/68 MP: 7/7
  4541 | D:5      | Found a glowing golden altar of the Shining One.
  4557 | D:5      | Reached * piety under Okawaru
  5911 | D:7      | Noticed a hippogriff
  6218 | D:6      | Reached ** piety under Okawaru
  6568 | D:7      | Reached XP level 9. HP: 71/75 MP: 8/8
  6924 | D:6      | HP: 2/75 [hog (7)]
  7654 | D:7      | Reached skill level 5 in Dodging
  7724 | D:7      | HP: 2/78 [orc warrior/long sword of protection (3)]
  8444 | D:8      | Reached *** piety under Okawaru
  8460 | D:8      | Reached XP level 10. HP: 67/86 MP: 9/9
  8767 | D:8      | Noticed azzavlup's ghost (novice MfIE)
  8793 | D:8      | Killed azzavlup's ghost
  8793 | D:8      | Reached skill level 10 in Long Blades
  8974 | D:8      | Found a glowing golden altar of the Shining One.
  8974 | D:8      | Found a hide-covered altar of Uskayaw.
  8977 | D:8      | Found a shattered altar of Ashenzari.
  9678 | D:8      | Found an ancient bone altar of Kikubaaqudgha.
  9788 | D:9      | Reached skill level 10 in Shields
  9974 | D:9      | Noticed Psyche
  9984 | D:9      | Killed Psyche
 10031 | D:9      | Reached **** piety under Okawaru
 10194 | D:9      | Noticed an elephant
 10218 | D:9      | Killed an elephant
 10218 | D:9      | Reached skill level 1 in Stealth
 10228 | D:9      | Found a staircase to the Lair.
 10245 | Lair:1   | Entered Level 1 of the Lair of Beasts
 10351 | D:9      | Reached ***** piety under Okawaru
 10568 | Lair:1   | Reached XP level 11. HP: 66/95 MP: 10/10
 10569 | Lair:1   | Found a glowing golden altar of the Shining One.
 10910 | Lair:1   | Received a gift from Okawaru
 11122 | Lair:2   | Found a hole to the Spider Nest.
 11142 | Spider:1 | Entered Level 1 of the Spider Nest
 11301 | Lair:2   | Noticed an eight-headed hydra
 11373 | Lair:2   | Found a staircase to the Swamp.
 11414 | Lair:3   | HP: 4/95 [komodo dragon (21)]
 11419 | Lair:3   | Reached skill level 10 in Armour
 11751 | Lair:3   | HP: 4/95 [elephant (12)]
 11757 | Lair:3   | HP: 4/95 [elephant (1)]
 12061 | Lair:3   | Noticed a catoblepas
 12092 | Lair:3   | Killed a catoblepas
 13903 | Lair:3   | Received a gift from Okawaru
 13955 | Lair:3   | Reached XP level 12. HP: 67/105 MP: 11/11
 14471 | Lair:3   | Received a gift from Okawaru
 14474 | Lair:3   | Got a twisted falchion {god gift}
 14476 | Lair:3   | Identified the +4 falchion of Toymiaj {antimagic, +Inv rElec MP+9 Int+4} (Okawaru gifted it to you on level 3 of the Lair of Beasts)
 15613 | Lair:4   | Noticed kae's ghost (journeyman FoFi)
 15657 | Lair:4   | Killed kae's ghost
 15657 | Lair:4   | Reached skill level 10 in Fighting
 15759 | Lair:4   | Noticed a catoblepas
 15798 | Lair:4   | Killed a catoblepas
 16440 | Lair:5   | Received a gift from Okawaru
 16788 | Lair:5   | Noticed an eight-headed hydra
 16808 | Lair:5   | HP: 1/108 [19-headed hydra (11)]
 16811 | Lair:5   | Slain by a 19-headed hydra

Skill      XL: |  1  2  3  4  5  6  7  8  9 10 11 12 |
---------------+-------------------------------------+-----
Fighting       | 4 5 6 7 8 9 10 | 10.6
Armour         | 4 5 6 7 8 9 11 12 | 12.1
Shields        | 4 5 6 8 9 11 12 13 | 13.5
Long Blades    | 3 4 5 6 7 9 11 12 13 | 13.9
Dodging        | 1 2 3 4 5 |  5.8
Stealth        | 1 |  1.0

Action                   |  1- 3 |  4- 6 |  7- 9 | 10-12 || total
-------------------------+-------+-------+-------+-------++-------
Melee: Long sword        |   111 |   108 |   402 |   580 ||  1201
       Headbutt          |    19 |    16 |    87 |   289 ||   411
       Falchion          |       |       |       |   305 ||   305
Invok: Heroism           |       |       |     1 |       ||     1
  Use: Potion            |     1 |       |     1 |     7 ||     9
       Scroll            |       |       |    18 |    12 ||    30
  Eat: Chunk             |     4 |     5 |     3 |    33 ||    45
       Bread ration      |       |       |     2 |       ||     2
       Pizza             |       |       |     3 |       ||     3
Armor: Scale mail        |    73 |    52 |   105 |       ||   230
       Plate armour      |       |       |    68 |   661 ||   729
Dodge: Dodged            |    46 |    44 |   152 |   328 ||   570
Block: Shield            |    73 |    81 |   252 |   678 ||  1084
       Rpst.: Long sword |    10 |    12 |    37 |    63 ||   122
       Falchion          |       |       |       |    15 ||    15
